Map: Habitation Station LE (Void)

Players

Rex - Winner!

  • Race: Zerg Zerg
  • League: Master
  • Spawn Location: 11:00

Welmu

  • Race: Protoss Protoss
  • League: Master
  • Spawn Location: 1:00

Event: NationWars IV

VOD

Have the link to the VOD?

Description

Time

  • Played on: Jan. 3, 2017, 1:54 p.m.
  • Length: 11:19
Show
View Real Time Build Order
Export as new Build Order

Rex Zerg - Winner!

Build Orders: Hatch First 

Get SALT Encoding   

  12  0:01  Drone  
  13  0:09  Drone  
  14  0:18  Overlord  
  14  0:23  Extractor  
  14  0:24  Drone  
  15  0:36  Drone x2  
  17  0:53  Drone  
  18  1:00  Hatchery  
  18  1:03  Drone  
  18  1:08  Extractor  
  17  1:16  Spawning Pool  
  17  1:18  Drone  
  17  1:21  Drone  
  18  1:27  Drone  
  19  1:38  Drone  
  20  2:00  Hatchery  
  19  2:03  Queen  
  19  2:05  Zergling x2  
  22  2:09  Metabolic Boost  
  22  2:12  Drone  
  23  2:18  Zergling x2  
  24  2:24  Drone x2  
  26  2:30  Overlord  
  26  2:38  Queen  
  28  2:51  Drone x3  
  30  2:52  Drone  
  30  2:54  Overlord  
  30  2:58  Drone  
  33  3:11  Spore Crawler  
  31  3:15  Drone x2  
  31  3:16  Drone  
  31  3:19  Drone  
  36  3:21  Baneling Nest, Drone x3  
  36  3:25  Drone  
  39  3:27  Drone  
  40  3:37  Drone  
  40  3:39  Overlord  
  41  3:41  Drone  
  41  3:44  Queen  
  44  3:50  Overlord  
  44  3:55  Roach Warren  
  43  3:56  Overlord  
  43  3:59  Zergling x4  
  43  4:01  Zergling x2  
  43  4:02  Zergling x2  
  47  4:04  Zergling x2  
  47  4:05  Zergling x2  
  47  4:07  Zergling x2  
  47  4:09  Zergling x2  
  51  4:10  Zergling x2  
  51  4:12  Drone  
  51  4:14  Drone  
  51  4:16  Drone  
  55  4:18  Baneling x2  
  55  4:19  Baneling  
  55  4:20  Baneling  
  54  4:25  Baneling  
  54  4:26  Overlord  
  54  4:28  Drone  
  54  4:29  Extractor, Drone x3  
  56  4:42  Zergling x14  
  63  4:50  Overlord x2  
  63  4:51  Extractor  
  62  5:00  Roach  
  62  5:01  Roach x4  
  62  5:02  Roach  
  74  5:13  Roach  
  74  5:18  Overlord  
  74  5:19  Roach x2, Spine Crawler  
  74  5:21  Roach  
  79  5:27  Zergling x6, Roach x2  
  86  5:32  Zergling x2, Roach  
  87  5:44  Zergling x4, Roach x2  
  87  5:45  Zergling x2, Roach  
  87  5:48  Roach  
  89  5:51  Ravager  
  91  5:57  Zergling x6  
  91  6:03  Zergling x4  
  95  6:04  Ravager  
  95  6:05  Zergling x2  
  95  6:07  Zergling x2  
  97  6:13  Zergling x2  
  97  6:14  Zergling x6  
  97  6:15  Zergling x2  
  97  6:24  Zergling x2  
  96  6:26  Zergling x4  
  96  6:30  Zergling x4  
  96  6:32  Zergling x4  
  89  6:33  Zergling x2  
  89  6:36  Zergling x4  
  89  6:38  Zergling x2  
  89  6:40  Zergling x2  
  89  6:42  Zergling x2  
  86  6:48  Zergling x2  
  86  6:50  Zergling x2  
  86  6:53  Zergling x2  
  81  6:57  Zergling x2  
  81  6:58  Zergling x2  
  81  6:59  Zergling x2  
  81  7:01  Zergling x4  
  85  7:04  Zergling x2  
  80  7:12  Overlord  
  80  7:13  Zergling x2  
  80  7:14  Zergling x2  
  80  7:15  Ravager x2  
  82  7:22  Ravager x2  
  78  7:23  Zergling x2  
  78  7:24  Zergling x2  
  78  7:26  Zergling x2  
  78  7:27  Zergling x2  
  78  7:31  Zergling x2  
  78  7:34  Zergling x8  
  78  7:37  Zergling x2  
  78  7:38  Zergling x2  
  78  7:40  Zergling x2  
  74  7:45  Zergling x2  
  74  7:49  Zergling x6  
  74  7:50  Zergling x2  
  75  7:52  Zergling x2  
  75  7:56  Zergling x2  
  77  7:59  Zergling x2  
  77  8:02  Zergling x2  
  77  8:04  Zergling x2  
  77  8:05  Lair  
  78  8:09  Zergling x2  
  78  8:10  Zergling x2  
  78  8:11  Zergling x2  
  80  8:12  Zergling x2  
  80  8:15  Zergling x2  
  80  8:19  Spore Crawler  
  79  8:20  Spore Crawler  
  77  8:32  Spore Crawler  
  77  8:33  Zergling x10  
  71  8:42  Drone  
  71  8:43  Drone x3  
  71  8:44  Zergling x2  
  70  9:08  Drone x6  
  70  9:09  Glial Reconstitution, Drone x2  
  77  9:12  Overseer  
  77  9:13  Overseer  
  74  9:24  Spire  
  71  9:48  Queen x3  
  77  9:59  Roach  
  79  10:00  Roach  
  79  10:02  Roach  
  79  10:03  Roach x3  
  79  10:04  Roach  
  79  10:05  Roach x2  
  79  10:07  Roach x2  
  87  10:11  Roach x2  
  87  10:13  Roach x3  
  93  10:29  Roach x6  
  105  10:40  Zergling x2  
  105  10:42  Hatchery  
  104  10:49  Drone x2  
  106  10:52  Extractor  
  103  11:02  Zergling x2  
Show
View Real Time Build Order
Export as new Build Order

Welmu Protoss 

Build Orders: 1 Gate Expand 

Get SALT Encoding   

  12  0:00  Probe (Chrono Boost)  
  13  0:11  Probe (Chrono Boost)  
  14  0:18  Pylon  
  14  0:22  Probe (Chrono Boost)  
  15  0:36  Probe (Chrono Boost)  
  15  0:40  Gateway  
  16  0:47  Probe (Chrono Boost)  
  16  0:48  Assimilator  
  17  0:57  Probe (Chrono Boost)  
  18  1:08  Probe (Chrono Boost)  
  19  1:21  Nexus  
  19  1:24  Probe (Chrono Boost)  
  20  1:34  Cybernetics Core  
  20  1:37  Probe (Chrono Boost)  
  21  1:44  Assimilator  
  21  1:47  Probe (Chrono Boost)  
  21  1:52  Pylon  
  22  1:58  Probe (Chrono Boost)  
  23  2:08  Adept  
  23  2:11  Probe (Chrono Boost)  
  23  2:12  Warp Gate  
  27  2:24  Probe (Chrono Boost), Twilight Council  
  27  2:33  Probe (Chrono Boost)  
  27  2:34  Adept  
  27  2:35  Probe (Chrono Boost)  
  32  2:44  Probe (Chrono Boost)  
  32  2:47  Mothership Core (Chrono Boost)  
  34  2:53  Resonating Glaives  
  34  2:54  Probe (Chrono Boost)  
  35  3:05  Probe (Chrono Boost)  
  37  3:06  Probe (Chrono Boost)  
  37  3:15  Probe (Chrono Boost)  
  37  3:17  Gateway  
  37  3:18  Probe (Chrono Boost), Gateway  
  39  3:23  Adept  
  39  3:26  Probe (Chrono Boost)  
  42  3:30  Probe (Chrono Boost)  
  43  3:37  Probe (Chrono Boost), Robotics Facility  
  44  3:41  Pylon  
  44  3:47  Probe (Chrono Boost)  
  44  3:50  Probe (Chrono Boost)  
  44  3:54  Pylon  
  45  3:58  Pylon  
  45  3:59  Probe (Chrono Boost)  
  45  4:00  Probe (Chrono Boost)  
  45  4:01  Assimilator  
  48  4:11  Probe x2 (Chrono Boost)  
  48  4:15  Adept x3  
  55  4:19  Warp Prism  
  55  4:22  Probe (Chrono Boost)  
  56  4:28  Probe (Chrono Boost)  
  59  4:35  Probe (Chrono Boost)  
  60  4:41  Nexus  
  60  4:44  Probe (Chrono Boost)  
  61  4:50  Pylon  
  61  4:51  Probe (Chrono Boost)  
  62  4:53  Pylon  
  62  4:56  Probe (Chrono Boost)  
  63  5:04  Adept x3, Immortal  
  74  5:15  Probe (Chrono Boost)  
  74  5:17  Probe (Chrono Boost)  
  73  5:24  Forge  
  73  5:27  Probe (Chrono Boost)  
  75  5:29  Probe (Chrono Boost)  
  75  5:30  Sentry x3  
  81  5:39  Probe (Chrono Boost)  
  81  5:41  Probe (Chrono Boost)  
  83  5:45  Immortal  
  75  5:51  Probe (Chrono Boost)  
  75  5:53  Probe (Chrono Boost)  
  75  5:55  Sentry x3  
  84  6:04  Photon Cannon  
  84  6:15  Photon Cannon  
  84  6:18  Photon Cannon  
  83  6:19  Immortal, Zealot x2, Sentry  
  91  6:30  Gateway  
  79  6:33  Gateway  
  79  6:37  Gateway  
  75  6:42  Adept x2  
  62  6:53  Immortal  
  62  6:59  Gateway  
  62  7:00  Dark Shrine  
  66  7:01  Gateway  
  66  7:05  Gateway  
  62  7:18  Adept  
  62  7:19  Adept  
  64  7:41  Probe (Chrono Boost)  
  64  7:42  Probe (Chrono Boost)  
  50  7:45  Adept  
  39  8:03  Probe (Chrono Boost)  
  40  8:12  Dark Templar x2  
  39  8:14  Assimilator  
  39  8:18  Assimilator  
  39  8:21  Probe (Chrono Boost), Gateway  
  39  8:23  Pylon  
  39  8:29  Probe (Chrono Boost)  
  39  8:33  Probe (Chrono Boost)  
  35  8:40  Probe (Chrono Boost)  
  33  8:50  Probe (Chrono Boost)  
  33  9:01  Probe (Chrono Boost)  
  32  9:11  Probe (Chrono Boost)  
  32  9:16  Zealot x3  
  39  9:22  Probe (Chrono Boost)  
  40  9:26  Pylon  
  40  9:31  Pylon  
  40  9:32  Probe (Chrono Boost)  
  41  9:43  Probe (Chrono Boost)  
  42  9:49  Zealot  
  42  9:50  Zealot x3  
  50  9:55  Probe (Chrono Boost)  
  49  10:05  Probe (Chrono Boost)  
  37  10:10  Dark Templar  
  39  10:19  Probe (Chrono Boost)  
  40  10:30  Probe (Chrono Boost)  
  40  10:31  Dark Templar  
  43  10:40  Archon, Probe (Chrono Boost)  
  43  10:42  Dark Templar  
  46  10:53  Pylon  
  46  10:54  Pylon  
Tags
 
Add a new tag
Caveats
  • Supply blocks, unpowered buildings, or Contaminate may cause inaccurate times.
  • Supply counts are checked every 10 seconds.